Map: Blueshift LE

Players

Lambo - Winner!

  • Race: Zerg Zerg
  • League: Grandmaster
  • Spawn Location: 1:00

Geralt (Gerald)

  • Race: Protoss Protoss
  • League: Grandmaster
  • Spawn Location: 7:00

VOD

Have the link to the VOD?

Description

Time

  • Played on: Jan. 12, 2019, 10:54 a.m.
  • Length: 8:10
Show
View Real Time Build Order
Export as new Build Order

Lambo Zerg - Winner!

Build Orders: Hatch First 

Get SALT Encoding   

  12  0:00  Drone  
  13  0:12  Overlord  
  13  0:18  Drone  
  14  0:31  Drone  
  15  0:45  Hatchery  
  15  0:48  Drone  
  15  0:52  Drone  
  15  0:55  Drone  
  17  0:59  Drone  
  18  1:09  Extractor  
  17  1:14  Spawning Pool  
  17  1:17  Drone  
  17  1:21  Drone  
  18  1:33  Drone  
  19  1:42  Drone  
  20  1:55  Overlord  
  20  2:01  Queen x2  
  20  2:02  Zergling x2  
  20  2:04  Drone  
  26  2:08  Drone  
  26  2:11  Metabolic Boost  
  27  2:19  Drone  
  27  2:20  Drone  
  29  2:28  Drone  
  30  2:37  Hatchery  
  29  2:39  Drone  
  29  2:41  Drone  
  29  2:44  Drone  
  32  2:47  Overlord  
  32  2:56  Queen  
  34  3:01  Drone x2  
  36  3:11  Drone x2  
  36  3:12  Drone x2  
  40  3:13  Overlord  
  40  3:15  Zergling x4  
  40  3:17  Zergling x2  
  43  3:21  Overlord  
  43  3:26  Drone  
  44  3:29  Overlord  
  44  3:33  Overlord  
  44  3:36  Drone  
  47  3:43  Lair, Drone x2  
  47  3:46  Drone  
  48  3:50  Zergling x2  
  48  3:51  Roach Warren, Drone  
  49  3:56  Extractor  
  49  3:59  Queen  
  49  4:00  Drone  
  51  4:03  Drone x2  
  51  4:06  Drone  
  54  4:10  Queen  
  54  4:13  Drone  
  54  4:15  Extractor  
  56  4:19  Drone  
  56  4:20  Drone x2  
  56  4:21  Overlord  
  56  4:23  Drone  
  60  4:26  Drone  
  60  4:27  Drone  
  61  4:33  Roach x3  
  67  4:45  Drone x7  
  72  4:49  Drone  
  67  4:53  Drone  
  67  4:56  Drone  
  67  4:59  Drone x3  
  71  5:03  Drone  
  71  5:06  Drone  
  73  5:08  Drone x2  
  73  5:09  Overlord  
  74  5:16  Glial Reconstitution  
  74  5:17  Overlord  
  74  5:18  Extractor  
  73  5:23  Overlord  
  73  5:24  Roach  
  73  5:25  Roach x2  
  79  5:31  Roach x4  
  87  5:35  Overlord  
  87  5:37  Roach x2  
  87  5:40  Roach  
  87  5:41  Roach  
  95  5:47  Roach x3  
  101  5:50  Roach x2  
  101  5:56  Roach x2  
  109  5:59  Overseer  
  109  6:00  Spore Crawler  
  109  6:01  Spore Crawler  
  106  6:06  Roach  
  106  6:07  Roach x3  
  108  6:15  Roach x3  
  102  6:20  Roach  
  99  6:26  Roach x2  
  99  6:30  Zergling x2  
  102  6:35  Zergling x6  
  105  6:41  Ravager x2  
  105  6:44  Zergling x4  
  109  6:51  Zergling x6  
  112  6:57  Zergling x4  
  108  7:06  Roach  
  106  7:13  Roach  
  108  7:19  Roach x2  
  110  7:26  Roach x2  
  111  7:32  Roach  
  110  7:41  Zergling x8  
  106  7:45  Zergling x4  
  103  7:51  Zergling x6  
Show
View Real Time Build Order
Export as new Build Order

Geralt Protoss 

Build Orders: 1 Gate Expand, Oracle Opening 

Get SALT Encoding   

  12  0:00  Probe  
  13  0:13  Probe  
  14  0:19  Pylon  
  14  0:25  Probe  
  15  0:28  Assimilator  
  15  0:33  Probe  
  15  0:41  Probe  
  16  0:46  Gateway  
  17  0:51  Probe  
  18  1:03  Probe  
  19  1:16  Probe  
  20  1:25  Nexus  
  20  1:28  Probe  
  21  1:39  Cybernetics Core  
  21  1:43  Probe  
  22  1:50  Assimilator  
  22  1:56  Pylon  
  22  1:58  Probe  
  23  2:08  Adept  
  23  2:14  Probe  
  24  2:17  Warp Gate  
  26  2:23  Stargate  
  26  2:26  Adept, Probe  
  29  2:38  Probe x2  
  31  2:50  Probe, Stalker  
  31  2:51  Probe  
  35  2:59  Oracle  
  35  3:02  Probe  
  35  3:03  Probe  
  37  3:09  Gateway  
  40  3:14  Probe  
  40  3:17  Probe  
  42  3:21  Pylon  
  42  3:26  Probe  
  43  3:29  Probe  
  43  3:31  Oracle, Adept  
  49  3:48  Probe x2  
  51  3:50  Assimilator  
  51  4:00  Probe x2, Twilight Council  
  53  4:03  Pylon  
  53  4:05  Pylon  
  53  4:08  Resonating Glaives  
  53  4:12  Probe  
  54  4:21  Probe  
  54  4:22  Gateway  
  54  4:23  Gateway  
  55  4:24  Gateway  
  55  4:25  Oracle  
  55  4:28  Gateway  
  55  4:31  Probe  
  56  4:35  Probe  
  60  4:43  Probe  
  61  4:47  Probe  
  59  4:55  Probe  
  59  4:56  Adept x2  
  59  4:59  Probe  
  65  5:02  Oracle  
  65  5:06  Nexus  
  68  5:12  Pylon  
  68  5:15  Probe  
  68  5:17  Pylon  
  68  5:20  Probe  
  70  5:22  Pylon  
  70  5:35  Adept x5  
  80  5:38  Adept  
  82  5:43  Probe  
  82  5:47  Probe  
  84  5:51  Robotics Facility  
  84  5:58  Probe  
  84  5:59  Probe  
  86  6:10  Probe  
  85  6:15  Probe  
  85  6:18  Probe  
  83  6:19  Adept x6  
  82  6:33  Probe  
  82  6:34  Probe  
  82  6:35  Probe  
  82  6:37  Robotics Facility  
  82  6:38  Robotics Facility  
  85  6:45  Probe, Adept x5  
  85  6:47  Probe  
  95  7:00  Immortal  
  80  7:13  Sentry  
  80  7:14  Sentry, Zealot x4  
  78  7:30  Probe  
  78  7:34  Probe x2  
  78  7:37  Zealot x4  
  78  7:41  Probe  
  78  7:43  Zealot  
  82  7:46  Probe  
  82  7:50  Zealot  
  72  7:54  Probe  
  72  7:55  Probe  
  66  8:01  Zealot  
Tags
 
Add a new tag
Caveats
  • Supply blocks, unpowered buildings, or Contaminate may cause inaccurate times.
  • Supply counts are checked every 10 seconds.